 Dungeon Crawl Stone Soup version 0.19.5 (webtiles) character file.

44 JeffiDaFish the Charmwright (level 3, -6/24 HPs)
             Began as a High Elf Skald on Oct 25, 2017.
             Mangled by a worm (7 damage)
             ... on level 2 of the Dungeon on Oct 26, 2017.
             The game lasted 00:04:26 (1417 turns).

JeffiDaFish the Charmwright (High Elf Skald)        Turns: 1417, Time: 00:04:26

Health: -6/24      AC:  3    Str: 10 (11) XL:     3   Next: 39%
Magic:  0/8        EV: 11    Int: 14 (15) God:
Gold:   69         SH:  0    Dex: 15 (16) Spells: 2 memorised, 5 levels left

rFire  . . .     SeeInvis .     a - +0 falchion
rCold  . . .     Gourm    .     b - +0 leather armour
rNeg   . . .     Faith    .     (no shield)
rPois  .         Spirit   .     (no helmet)
rElec  .         Reflect  .     (no cloak)
rCorr  .         Harm     .     (no gloves)
MR     .....                    (no boots)
Stlth  +.........               (no amulet)
                                (no ring)
                                (no ring)

@: singing
A: no striking features
a: Stop Singing


You were on level 2 of the Dungeon.
You were not hungry.

You visited 1 branch of the dungeon, and saw 2 of its levels.

You collected 69 gold pieces.

Inventory:

Hand Weapons
 a - a +0 falchion (weapon)
Armour
 b - a +0 leather armour (worn)
Books
 c - a book of Battle

   Spells                             Type                      Level
   a - Infusion                       Charms                       1
   b - Shroud of Golubria             Charms/Translocation         2
   c - Song of Slaying                Charms                       2
   d - Spectral Weapon                Hexes/Charms                 3
   e - Regeneration                   Charms/Necromancy            3
Comestibles
 d - 3 bread rations
 f - 2 chunks of flesh
 g - 2 beef jerkies
 h - 2 fruits


   Skills:
 + Level 2.0 Fighting
 + Level 2.8 Long Blades
 + Level 1.1 Armour
 + Level 1.3 Dodging
 + Level 0.2 Stealth
 + Level 3.0 Spellcasting
 + Level 4.3 Charms


You had 5 spell levels left.
You knew the following spells:

 Your Spells              Type           Power        Failure   Level  Hunger
a - Infusion              Chrm           ##..         6%          1    #......
b - Song of Slaying       Chrm           ##......     10%         2    ##.....


Dungeon Overview and Level Annotations

Branches:
Dungeon (2/15)

Altars:


Message History

Your magical infusion is running out.
Casting: Song of Slaying
Confirm with . or Enter, or press ? or * to list all spells.
You start singing a song of slaying.
You barely miss the worm. You hit the worm.
The worm is moderately wounded.
The worm bites you!
* * * LOW HITPOINT WARNING * * *
You hit the worm but do no damage.
The worm is lightly wounded.
The worm closely misses you.
You riposte.
You hit the worm!
The worm is heavily wounded.
You hit the worm.
The worm is heavily wounded.
You are no longer magically infusing your attacks.
You hit the worm.
The worm is severely wounded.
The worm bites you!
You die...

#... #.#.# ..... #.#. #.#.#
#...# # ## #.#.##.#.#.##...##.#
...######.#..#.#.#.........#
..........##.#.#.####...#####
..............(..(.(>(......
########.....##...#.##.########.
#..........#.##..##.##.# #.
#..........#.##@..#.##.########.
#..........#..w.....##.##.......
#..........#......####.##.......
##..........#.......#
#.##.......
.....<.w....#.......#
#.##.......
........w...#.......#
#.##.......
....#####...........# #.......
... #.......)....# #....... ..
#..........#.# #.......


You could see a worm.

Vanquished Creatures
  An adder (D:2)
  2 worms (D:2)
  A leopard gecko (D:1)
  4 bats
  A giant cockroach (D:2)
  3 goblins (D:1)
  4 hobgoblins
  A quokka (D:2)
  2 ball pythons (D:2)
  3 frilled lizards
  3 kobolds
  3 rats (D:1)
28 creatures vanquished.

Notes
Turn   | Place    | Note
-------+----------+-------------------------------------------
     0 | D:1      | JeffiDaFish the High Elf Skald began the quest for the Orb.
     0 | D:1      | Reached XP level 1. HP: 14/14 MP: 4/4
   260 | D:1      | Reached skill level 4 in Charms
   310 | D:1      | Reached XP level 2. HP: 15/19 MP: 3/6
   450 | D:1      | Learned a level 2 spell: Song of Slaying
  1144 | D:2      | Reached XP level 3. HP: 24/24 MP: 8/8
  1199 | D:2      | Reached skill level 1 in Armour
  1414 | D:2      | HP: 1/24 [worm (9)]
  1417 | D:2      | Mangled by a worm

Skill      XL: |  1  2  3 |
---------------+----------+-----
Charms         | 4 |  4.3
Armour         | 1 |  1.1
Spellcasting   | 3 |  3.0
Fighting       | |  2.0
Long Blades    | |  2.8
Dodging        | |  1.3
Stealth        | |  0.2

Action                   || total
-------------------------++-------
Melee: Falchion          ||    60
 Cast: Infusion          ||    10
       Song of Slaying   ||     2
  Use: Potion            ||     3
       Scroll            ||     3
  Eat: Chunk             ||     2
Armor: Leather armour    ||    16
Dodge: Dodged            ||    37
       Rpst.: Falchion   ||    18
